SL
ATHLETIC CLUB KC @ GRAFTON MIDDIES
09/02/2029
 
TOP OF THE 1ST
Athletic Club KC batting - Pitching for Grafton Middies : RHP Robbie Baxter
Pitching: RHP Robbie Baxter
Batting: RHB Pil-joong Pak 0-0: Foul Ball, location: 2F
0-1: Ball
1-1: Ball
2-1: Ball
3-1: Base on Balls
Batting: RHB Dong-min Cho 0-0: Called Strike
Pil-joong Pak steals 2nd base
0-1: Called Strike
0-2: Foul Ball, location: 2F
0-2: Ball
1-2: Ball
2-2: Foul Ball, location: 2F
2-2: Ball
3-2: Base on Balls
Batting: RHB David Edwards 0-0: Foul Ball, location: 2F
0-1: Foul Ball, location: 2F
0-2: Ball
1-2: Fly out, F4 (Line Drive, 4M)
Batting: SHB Pedro Vázquez 0-0: Ball
Wild Pitch!
Pil-joong Pak to third
Dong-min Cho to second
1-0: Ball
2-0: Ball
3-0: Ground out 4-3 (Groundball, 4)
Pil-joong Pak scores
Dong-min Cho to third
Batting: LHB Manuel Domínguez 0-0: Called Strike
0-1: Foul Ball, location: 2F
0-2: Foul Ball, location: 2F
0-2: Ball
1-2: Fly out, F9 (Flyball, 9)
Top of the 1st over - 1 run, 0 hits, 0 errors, 1 left on base; Athletic Club KC 1 - Grafton 0
BOTTOM OF THE 1ST
Grafton Middies batting - Pitching for Athletic Club KC : RHP Wayne Slade
Pitching: RHP Wayne Slade
Batting: RHB Pedro Santos 0-0: Fly out, F8 (Flyball, 8LS)
Batting: RHB Carlos Maldonado 0-0: Called Strike
0-1: Ground out 6-3 (Groundball, 6)
Batting: LHB Mario Ramos 0-0: Ball
1-0: Foul Ball, location: 2F
1-1: SOLO HOME RUN (Flyball, 7D), Distance : 414 ft
Batting: LHB Jorge Flores 0-0: DOUBLE (Groundball, 5L)
Batting: LHB Phil MacNamara 0-0: Ball
1-0: Foul Ball, location: 2F
1-1: Ground out 6-3 (Groundball, 6)
Bottom of the 1st over - 1 run, 2 hits, 0 errors, 1 left on base; Athletic Club KC 1 - Grafton 1
TOP OF THE 2ND
Athletic Club KC batting - Pitching for Grafton Middies : RHP Robbie Baxter
Batting: RHB Jesús Vargas 0-0: Swinging Strike
0-1: Fly out, F7 (Flyball, 7S)
Batting: RHB Richard Younger 0-0: Foul Ball, location: 2F
0-1: Swinging Strike
0-2: Ball
1-2: Ball
2-2: Fly out, F3 (Popup, 34)
Batting: LHB Tony García 0-0: Called Strike
0-1: SOLO HOME RUN (Flyball, 9LD), Distance : 361 ft
Batting: RHB Dao-zi Dai 0-0: Called Strike
0-1: Ball
1-1: Ground out U3 (Groundball, 34)
Top of the 2nd over - 1 run, 1 hit, 0 errors, 0 left on base; Athletic Club KC 2 - Grafton 1
BOTTOM OF THE 2ND
Grafton Middies batting - Pitching for Athletic Club KC : RHP Wayne Slade
Batting: RHB Stefano Gaddi 0-0: Ball
1-0: Called Strike
1-1: Fly out, F6 (Line Drive, 6)
Batting: RHB Cristo González 0-0: Ball
1-0: Ball
2-0: Ball
3-0: Base on Balls
Batting: LHB Juan Caro 0-0: Called Strike
0-1: Foul Ball, location: 2F
0-2: DOUBLE (Flyball, 78D)
Cristo González to third
Runner from 3rd tries for Home, SAFE, no throw
Batting: SHB Jack MacAsgill 0-0: Called Strike
0-1: Foul Ball, location: 2F
0-2: Foul Ball, location: 2F
0-2: Foul Ball, location: 2F
0-2: Fly out, F9 (Flyball, 9S)
Batting: RHB Pedro Santos 0-0: Called Strike
0-1: Ball
1-1: Ball
2-1: Ball
3-1: Ground out 3-1 (Groundball, 34S)
Bottom of the 2nd over - 1 run, 1 hit, 0 errors, 1 left on base; Athletic Club KC 2 - Grafton 2
TOP OF THE 3RD
Athletic Club KC batting - Pitching for Grafton Middies : RHP Robbie Baxter
Batting: RHB Pil-joong Pak 0-0: SINGLE (Line Drive, 9S)
Batting: RHB Dong-min Cho 0-0: Called Strike
0-1: Ball
1-1: Ball
2-1: Called Strike
2-2: Strikes out swinging
Batting: RHB David Edwards 0-0: Ball
1-0: Fly out, F8 (Flyball, 78XD)
Batting: SHB Pedro Vázquez 0-0: Called Strike
0-1: Ball
1-1: Ball
2-1: SINGLE (Line Drive, 4D)
Pil-joong Pak to second
Runner from 2nd tries for 3rd, SAFE, no throw
Batting: LHB Manuel Domínguez 0-0: Reached on error, E5 (Groundball, 56)
Pil-joong Pak scores
Pedro Vázquez to second
Batting: RHB Jesús Vargas 0-0: Called Strike
0-1: Ball
1-1: Ground out 4-3 (Groundball, 4)
Top of the 3rd over - 1 run, 2 hits, 1 error, 2 left on base; Athletic Club KC 3 - Grafton 2
BOTTOM OF THE 3RD
Grafton Middies batting - Pitching for Athletic Club KC : RHP Wayne Slade
Batting: RHB Carlos Maldonado 0-0: Fly out, F8 (Flyball, 8RD)
Batting: LHB Mario Ramos 0-0: Called Strike
0-1: SINGLE (Line Drive, 8LS)
Batting: LHB Jorge Flores 0-0: Called Strike
0-1: Called Strike
0-2: Ball
1-2: Foul Ball, location: 2F
1-2: Ball
2-2: Ball
3-2: Base on Balls
Mario Ramos to second
Batting: LHB Phil MacNamara 0-0: Foul Ball, location: 2F
0-1: Foul Ball, location: 2F
0-2: Ball
1-2: Ball
2-2: Strikes out looking
Batting: RHB Stefano Gaddi 0-0: Ball
1-0: Ball
2-0: Foul Ball, location: 2F
2-1: Ball
3-1: Base on Balls
Mario Ramos to third
Jorge Flores to second
Batting: RHB Cristo González 0-0: Called Strike
0-1: SINGLE (Groundball, 34D)
Mario Ramos scores
Jorge Flores to third
Stefano Gaddi to second
Runner from 3rd tries for Home, SAFE, throw made home
Batting: LHB Juan Caro 0-0: Foul Ball, location: 2F
0-1: SINGLE (Line Drive, 6D)
Stefano Gaddi to third
Cristo González to second
Runner from 3rd tries for Home, SAFE, no throw
Batting: SHB Jack MacAsgill 0-0: Foul Ball, location: 2F
0-1: Swinging Strike
0-2: Strikes out swinging
Bottom of the 3rd over - 3 runs, 3 hits, 0 errors, 2 left on base; Athletic Club KC 3 - Grafton 5
TOP OF THE 4TH
Athletic Club KC batting - Pitching for Grafton Middies : RHP Robbie Baxter
Batting: RHB Richard Younger 0-0: Ball
1-0: Ball
2-0: Foul Ball, location: 2F
2-1: Ball
3-1: Base on Balls
Batting: LHB Tony García 0-0: Ground out 5-3 (Groundball, 5S)
Richard Younger to second
Batting: RHB Dao-zi Dai 0-0: Called Strike
0-1: Ball
1-1: Called Strike
1-2: Ball
2-2: Ground out 6-3 (Groundball, 6)
Richard Younger to third
Batting: RHB Pil-joong Pak 0-0: Ball
1-0: Ball
2-0: Ball
3-0: Called Strike
3-1: Foul Ball, location: 2F
3-2: Base on Balls
Batting: RHB Dong-min Cho 0-0: Fielders Choice at 2nd, 6-4 (Groundball, 6)
Top of the 4th over - 0 runs, 0 hits, 0 errors, 2 left on base; Athletic Club KC 3 - Grafton 5
BOTTOM OF THE 4TH
Grafton Middies batting - Pitching for Athletic Club KC : RHP Wayne Slade
Batting: RHB Pedro Santos 0-0: Called Strike
0-1: Called Strike
0-2: Ball
1-2: Foul Ball, location: 2F
1-2: Fly out, F9 (Flyball, 9LMF)
Batting: RHB Carlos Maldonado 0-0: Ball
1-0: Called Strike
1-1: Foul Ball, location: 2F
1-2: Fly out, F9 (Flyball, 9LSF)
Batting: LHB Mario Ramos 0-0: Ball
1-0: Called Strike
1-1: Foul Ball, location: 2F
1-2: Fly out, F9 (Flyball, 9S)
Bottom of the 4th over - 0 runs, 0 hits, 0 errors, 0 left on base; Athletic Club KC 3 - Grafton 5
TOP OF THE 5TH
Athletic Club KC batting - Pitching for Grafton Middies : RHP Robbie Baxter
Batting: RHB David Edwards 0-0: Called Strike
0-1: Ball
1-1: Ball
2-1: Ground out 6-3 (Groundball, 6)
Batting: SHB Pedro Vázquez 0-0: Called Strike
0-1: SINGLE (Line Drive, 8RS)
Batting: LHB Manuel Domínguez 0-0: Ball
1-0: Called Strike
1-1: Fly out, F8 (Flyball, 8LD)
Batting: RHB Jesús Vargas 0-0: Ball
1-0: Ball
2-0: Ball
3-0: Foul Ball, location: 2F
3-1: Swinging Strike
3-2: Strikes out looking
Top of the 5th over - 0 runs, 1 hit, 0 errors, 1 left on base; Athletic Club KC 3 - Grafton 5
BOTTOM OF THE 5TH
Grafton Middies batting - Pitching for Athletic Club KC : RHP Wayne Slade
Batting: LHB Jorge Flores 0-0: Called Strike
0-1: Foul Ball, location: 2F
0-2: DOUBLE (Groundball, 3L)
Batting: LHB Phil MacNamara 0-0: Ball
1-0: Called Strike
1-1: Foul Ball, location: 2F
1-2: Strikes out looking
Batting: RHB Stefano Gaddi 0-0: Fly out, F8 (Flyball, 78D)
Batting: RHB Cristo González 0-0: Ball
1-0: Called Strike
1-1: Foul Ball, location: 2F
1-2: Ball
2-2: Foul Ball, location: 2F
2-2: Ground out 4-3 (Groundball, 4)
Bottom of the 5th over - 0 runs, 1 hit, 0 errors, 1 left on base; Athletic Club KC 3 - Grafton 5
TOP OF THE 6TH
Athletic Club KC batting - Pitching for Grafton Middies : RHP Robbie Baxter
Batting: RHB Richard Younger 0-0: Ball
1-0: Foul Ball, location: 2F
1-1: Ball
2-1: Ball
3-1: SINGLE (Line Drive, 78S)
Batting: LHB Tony García 0-0: Called Strike
0-1: Called Strike
Richard Younger steals 2nd base
0-2: Ball
1-2: Ground out 4-3 (Groundball, 4)
Richard Younger to third
Batting: RHB Dao-zi Dai 0-0: Called Strike
0-1: Called Strike
0-2: Ball
1-2: Ball
2-2: Fly out, F1 (Popup, 15)
Batting: RHB Pil-joong Pak 0-0: Ball
1-0: Foul Ball, location: 2F
1-1: Fly out, F5 (Line Drive, 56D)
Top of the 6th over - 0 runs, 1 hit, 0 errors, 1 left on base; Athletic Club KC 3 - Grafton 5
BOTTOM OF THE 6TH
Grafton Middies batting - Pitching for Athletic Club KC : RHP Wayne Slade
Batting: LHB Juan Caro 0-0: Ground out 4-3 (Groundball, 34)
Batting: SHB Jack MacAsgill 0-0: Fly out, F8 (Flyball, 8LXD)
Batting: RHB Pedro Santos 0-0: Foul Ball, location: 2F
0-1: Fly out, F8 (Flyball, 8RM)
Bottom of the 6th over - 0 runs, 0 hits, 0 errors, 0 left on base; Athletic Club KC 3 - Grafton 5
TOP OF THE 7TH
Athletic Club KC batting - Pitching for Grafton Middies : RHP Robbie Baxter
Batting: RHB Dong-min Cho 0-0: DOUBLE (Line Drive, 9LD)
Batting: RHB David Edwards 0-0: Swinging Strike
0-1: Swinging Strike
0-2: Foul Ball, location: 2F
0-2: Fly out, F8 (Flyball, 8RM)
Batting: SHB Pedro Vázquez 0-0: Ball
1-0: Ball
2-0: Called Strike
2-1: Called Strike
2-2: DOUBLE (Line Drive, 9D)
Dong-min Cho scores
Pitching: RHP Dylan Silva
Batting: LHB Manuel Domínguez 0-0: Ball
1-0: Ball
2-0: Foul Ball, location: 2F
2-1: Swinging Strike
2-2: Foul Ball, location: 2F
2-2: Strikes out looking
Batting: RHB Jesús Vargas 0-0: Called Strike
0-1: Ball
1-1: Swinging Strike
1-2: Ground out 6-3 (Groundball, 6D)
Top of the 7th over - 1 run, 2 hits, 0 errors, 1 left on base; Athletic Club KC 4 - Grafton 5
BOTTOM OF THE 7TH
Grafton Middies batting - Pitching for Athletic Club KC : RHP Wayne Slade
Batting: RHB Carlos Maldonado 0-0: Ball
1-0: Ball
2-0: Foul Ball, location: 2F
2-1: Ball
3-1: Ground out 5-3 (Groundball, 56D)
Batting: LHB Mario Ramos 0-0: Ball
1-0: Called Strike
1-1: Ball
2-1: Ball
3-1: Foul Ball, location: 2F
3-2: Base on Balls
Batting: LHB Jorge Flores 0-0: Ball
1-0: Fly out, F4 (Line Drive, 4)
Batting: LHB Phil MacNamara 0-0: Ball
1-0: Swinging Strike
1-1: Swinging Strike
1-2: Ball
2-2: Strikes out swinging
Bottom of the 7th over - 0 runs, 0 hits, 0 errors, 1 left on base; Athletic Club KC 4 - Grafton 5
TOP OF THE 8TH
Athletic Club KC batting - Pitching for Grafton Middies : RHP Dylan Silva
Pitching: RHP Francis Cahill
Batting: RHB Richard Younger 0-0: Ball
1-0: Ground out 5-3 (Groundball, 5)
Batting: LHB Tony García 0-0: Ball
1-0: Ball
2-0: Ball
3-0: Base on Balls
Batting: RHB Dao-zi Dai 0-0: Grounds into double play, 1-6-3 (Groundball, 13)
Top of the 8th over - 0 runs, 0 hits, 0 errors, 0 left on base; Athletic Club KC 4 - Grafton 5
BOTTOM OF THE 8TH
Grafton Middies batting - Pitching for Athletic Club KC : RHP Wayne Slade
Batting: RHB Stefano Gaddi 0-0: Fly out, F6 (Popup, 56)
Batting: RHB Cristo González 0-0: Called Strike
0-1: Ground out 6-3 (Groundball, 6)
Batting: LHB Juan Caro 0-0: Ball
1-0: Ball
2-0: Called Strike
2-1: Ground out U3 (Groundball, 3)
Bottom of the 8th over - 0 runs, 0 hits, 0 errors, 0 left on base; Athletic Club KC 4 - Grafton 5
TOP OF THE 9TH
Athletic Club KC batting - Pitching for Grafton Middies : RHP Francis Cahill
Batting: RHB Pil-joong Pak 0-0: Fly out, F5 (Popup, 5)
Batting: RHB Dong-min Cho 0-0: Foul Ball, location: 2F
0-1: Ball
1-1: Called Strike
1-2: Ground out 5-3 (Groundball, 56)
Batting: RHB David Edwards 0-0: Ball
1-0: Foul Ball, location: 2F
1-1: Fly out, F3 (Popup, 34S)
Top of the 9th over - 0 runs, 0 hits, 0 errors, 0 left on base; Athletic Club KC 4 - Grafton 5
Tuesday, December 19th, 2017 - OOTP Baseball 18.8 Build 76